 Dungeon Crawl Stone Soup version 0.29-a0-559-g359e09b9d1 (webtiles) character file.

Game seed: 14382089840081313924

91 DocClef the Covert (level 4, -1/41 HPs)
             Began as a Gnoll Delver on June 9, 2022.
             Slain by an orc
             ... wielding a +0 war axe
              (9 damage)
             ... on level 5 of the Dungeon.
             The game lasted 00:00:54 (536 turns).

DocClef the Covert (Gnoll Delver)                    Turns: 536, Time: 00:00:55

Health: -1/41      AC:  3    Str: 11    XL:     4   Next: 57%
Magic:  5/5        EV: 13    Int:  9    God:
Gold:   69         SH:  6    Dex: 16    Spells: 5/5 levels left

rFire   . . .      SeeInvis .   a - +0 short sword
rCold   . . .      Faith    .   j - +2 buckler
rNeg    . . .      Spirit   .   b - +0 leather armour
rPois   .          Reflect  .   (no helmet)
rElec   .          Harm     .   (no cloak)
rCorr   .          Rampage  .   (no gloves)
Will    .....                   (no boots)
Stlth   ++++......              (no amulet)
HPRegen 0.13/turn               (no ring)
MPRegen 0.09/turn               (no ring)

@: no status effects
A: fangs 1, strong nose, distributed training
a: no special abilities


You were on level 5 of the Dungeon.
You visited 1 branch of the dungeon, and saw 2 of its levels.

You collected 69 gold pieces.

Inventory:

Hand Weapons
 a - a +0 short sword (weapon)
Armour
 b - a +0 leather armour (worn)
 j - a +2 buckler (worn)
Wands
 g - a wand of digging (3)
Scrolls
 c - a scroll of fog
 d - a scroll of noise {unknown}
 e - a scroll of fear
Potions
 f - a potion of haste
 h - 2 potions of degeneration {unknown}
 i - a potion of magic {unknown}


   Skills:
 + Level 6.6 Fighting
 + Level 4.6 Short Blades
 + Level 1.2 Long Blades
 + Level 1.2 Axes
 + Level 1.2 Maces & Flails
 + Level 1.2 Polearms
 + Level 1.2 Staves
 + Level 1.2 Slings
 + Level 1.2 Bows
 + Level 1.2 Crossbows
 + Level 1.2 Throwing
 + Level 1.2 Armour
 + Level 4.6 Dodging
 + Level 9.6 Stealth
 + Level 1.2 Shields
 + Level 1.2 Unarmed Combat
 + Level 1.2 Spellcasting
 + Level 1.0 Conjurations
 + Level 1.0 Hexes
 + Level 1.0 Summonings
 + Level 1.0 Necromancy
 + Level 1.0 Translocations
 + Level 1.0 Transmutations
 + Level 1.0 Fire Magic
 + Level 1.0 Ice Magic
 + Level 1.0 Air Magic
 + Level 1.0 Earth Magic
 + Level 1.0 Poison Magic
 + Level 1.3 Invocations
 + Level 1.2 Evocations


You had 5 spell levels left.
You didn't know any spells.
Your spell library contained the following spells:

 Spells                   Type           Power      Damage    Failure   Level
 Call Canine Familiar     Summ           2%         N/A       78%         3
 Portal Projectile        Hex/Tloc       4%         N/A       78%         3
 Leda's Liquefaction      Hex/Erth       1%         N/A       99%         4


Dungeon Overview and Level Annotations

Branches:
Dungeon (5/15)             Temple (0/1) D:4

Altars:


Innate Abilities, Weirdness & Mutations

You have very sharp teeth.
Your uncanny sense of smell can sniff out nearby items.
Your experience applies equally to all skills.


Message History

The orc misses you. The quokka closely misses you.
You hit the orc but do no damage. You bite the orc, but do no damage.
The orc closely misses you. The quokka misses you.
You barely miss the orc. The orc hits you with a +0 war axe.
The quokka bites you.
You closely miss the orc. The quokka barely misses you.
The orc barely misses you.
You hit the orc but do no damage. You block the quokka's attack.
You block the orc's attack.
You hit the orc but do no damage. You block the quokka's attack.
You block the orc's attack.
You closely miss the orc. You block the quokka's attack.
The orc barely misses you. The quokka closely misses you.
You barely miss the orc. You block the quokka's attack.
You block the orc's attack.
You closely miss the orc. The quokka closely misses you.
You hit the orc but do no damage. The orc misses you.
The quokka bites you but does no damage.
You hit the orc but do no damage. You bite the orc, but do no damage.
The orc closely misses you. The quokka barely misses you.
You hit the orc but do no damage. You block the orc's attack.
The quokka closely misses you.
You hit the orc but do no damage. The orc hits you with a +0 war axe!
The quokka bites you but does no damage.
You completely miss the orc. The quokka misses you.
The orc hits you with a +0 war axe.
* * * LOW HITPOINT WARNING * * *
You hit the orc.
The orc is severely wounded.
The quokka barely misses you. The orc barely misses you.
You hit the orc but do no damage. You bite the orc, but do no damage.
The orc is severely wounded.
The quokka bites you.
* * * LOW HITPOINT WARNING * * *
The orc closely misses you.
The quokka bites you but does no damage.
You hit the orc but do no damage.
The orc is heavily wounded.
The orc hits you with a +0 war axe!
You die...

#############
#.....r@o...#
#......)...)#
#...........#
#...........#
#...........#
+...........#
#+##.##....##
## ######


You could see an orc and a quokka.

Vanquished Creatures
  An ogre (D:5)
  4 orcs
5 creatures vanquished.

Notes
Turn   | Place    | Note
-------+----------+-------------------------------------------
     0 | D:5      | Reached skill level 9 in Stealth
     0 | D:5      | DocClef the Gnoll Delver began the quest for the Orb.
     0 | D:5      | Reached XP level 1. HP: 23/23 MP: 1/1
    80 | D:5      | Noticed an ogre
    86 | D:5      | Noticed a killer bee
    87 | D:5      | Killed an ogre
    88 | D:5      | Reached skill level 1 in Long Blades
    88 | D:5      | Reached skill level 1 in Axes
    88 | D:5      | Reached skill level 1 in Maces & Flails
    88 | D:5      | Reached skill level 1 in Polearms
    88 | D:5      | Reached skill level 1 in Staves
    88 | D:5      | Reached skill level 1 in Slings
    88 | D:5      | Reached skill level 1 in Bows
    88 | D:5      | Reached skill level 1 in Crossbows
    88 | D:5      | Reached skill level 1 in Throwing
    88 | D:5      | Reached skill level 1 in Armour
    88 | D:5      | Reached skill level 1 in Shields
    88 | D:5      | Reached skill level 1 in Unarmed Combat
    88 | D:5      | Reached skill level 1 in Spellcasting
    88 | D:5      | Reached skill level 1 in Invocations
    88 | D:5      | Reached skill level 1 in Evocations
    88 | D:5      | Reached XP level 2. HP: 29/29 MP: 1/3
    88 | D:5      | Reached XP level 3. HP: 35/35 MP: 1/4
    88 | D:5      | Reached XP level 4. HP: 41/41 MP: 1/5
   324 | D:5      | Reached skill level 1 in Conjurations
   324 | D:5      | Reached skill level 1 in Hexes
   324 | D:5      | Reached skill level 1 in Summonings
   324 | D:5      | Reached skill level 1 in Necromancy
   324 | D:5      | Reached skill level 1 in Translocations
   324 | D:5      | Reached skill level 1 in Transmutations
   324 | D:5      | Reached skill level 1 in Fire Magic
   324 | D:5      | Reached skill level 1 in Ice Magic
   324 | D:5      | Reached skill level 1 in Air Magic
   324 | D:5      | Reached skill level 1 in Earth Magic
   324 | D:5      | Reached skill level 1 in Poison Magic
   536 | D:5      | Slain by an orc

Illustrated notes

Levels and vault maps discovered:
D:4:      layout_gridville, minmay_temple_entry_antechambers,
          gup_sewer_entry_bowl, uniq_robin
D:5:      layout_gridville

Skill      XL: |  1  2  3  4 |
---------------+-------------+-----
Stealth        | |  9.6
Long Blades    | 1 |  1.2
Axes           | 1 |  1.2
Maces & Flails | 1 |  1.2
Polearms       | 1 |  1.2
Staves         | 1 |  1.2
Slings         | 1 |  1.2
Bows           | 1 |  1.2
Crossbows      | 1 |  1.2
Throwing       | 1 |  1.2
Armour         | 1 |  1.2
Shields        | 1 |  1.2
Unarmed Combat | 1 |  1.2
Spellcasting   | 1 |  1.2
Invocations    | 1 |  1.3
Evocations     | 1 |  1.2
Conjurations   | 1 |  1.0
Hexes          | 1 |  1.0
Summonings     | 1 |  1.0
Necromancy     | 1 |  1.0
Translocations | 1 |  1.0
Transmutations | 1 |  1.0
Fire Magic     | 1 |  1.0
Ice Magic      | 1 |  1.0
Air Magic      | 1 |  1.0
Earth Magic    | 1 |  1.0
Poison Magic   | 1 |  1.0
Fighting       | |  6.6
Short Blades   | |  4.6
Dodging        | |  4.6

Action                   |  1- 3 |  4- 6 || total
-------------------------+-------+-------++-------
Melee: Short sword       |     1 |    45 ||    46
       Bite              |       |     5 ||     5
  Use: Scroll            |       |     1 ||     1
 Stab: Sleeping          |     1 |       ||     1
Armor: Leather armour    |       |     6 ||     6
Dodge: Dodged            |       |    43 ||    43
Block: Buckler           |       |    29 ||    29

Table legend: (Time is in decaauts)
 A = Elapsed time spent in this place.
 B = Non-inter-level travel time spent in this place.
 C = Inter-level travel time spent in this place.
 D = Time resting spent in this place.
 E = Time spent auto-exploring this place.
 F = Levels seen in this place.
 G = Mean time per level.
                   A        B        C        D        E       F      G
               +--------+--------+--------+--------+--------+-----+--------+
         Total |    533 |    533 |      0 |    314 |     58 |   2 |  266.5 |
       Dungeon |    533 |    533 |      0 |    314 |     58 |   2 |  266.5 |
               +--------+--------+--------+--------+--------+-----+--------+

Top non-repeatable levels by time:
     D:5: 444 daAuts
     D:4: 88 daAuts
